 Dungeon Crawl Stone Soup version 0.19-a0-1740-g0bcaf2e (webtiles) character file.

34083 kae the Cleaver (level 14, -14/116 HPs)
             Began as a Formicid Fighter on Oct 2, 2016.
             Was a High Priest of Okawaru.
             Killed from afar by a lindwurm (26 damage)
             ... with a blast of flame
             ... on level 4 of the Lair of Beasts.
             The game lasted 00:19:09 (13975 turns).

kae the Cleaver (Formicid Fighter)                 Turns: 13975, Time: 00:19:10

Health: -14/116    AC: 12    Str: 31    XL:     14   Next: 11%
Magic:  20/20      EV: 10    Int:  4    God:    Okawaru [*****.]
Gold:   1095       SH: 14    Dex: 10    Spells: 0 memorised, 13 levels left

rFire  x . .     SeeInvis +     a - +1 battleaxe of Sharkskin {chop, *Noise rPois Str+4}
rCold  . . .     Gourm    .     r - +2 ring mail {MR+}
rNeg   . . .     Faith    .     C - +0 shield
rPois  +         Spirit   .     (helmet unavailable)
rElec  .         Dismiss  .     N - +1 cloak {MR+}
rCorr  .         Reflect  .     j - +0 pair of gloves
MR     +++..     Harm     +     D - +1 pair of boots
Stlth  ..........               x - amulet of harm
                                (no ring)
                                R - ring "Vuecif" {+Inv rF- Int-3 Slay+5} (curse)

@: drained
A: permanent stasis, dig shafts and tunnels, four strong arms, antennae 3
a: Dig, Shaft Self, Heroism, Finesse, Renounce Religion, Evoke Invisibility


You were on level 4 of the Lair of Beasts.
You worshipped Okawaru.
Okawaru was extremely pleased with you.
You were not hungry.

You visited 3 branches of the dungeon, and saw 16 of its levels.

You collected 1095 gold pieces.

Inventory:

Hand Weapons
 a - the +1 battleaxe of Sharkskin (weapon) {chop, *Noise rPois Str+4}
   (You found it on level 10 of the Dungeon)

   It inflicts extra damage upon your enemies.
   It affects your strength (+4).
   It protects you from poison.
   It may make noises in combat.
 b - a +1 battleaxe of flaming
Armour
 j - a +0 pair of gloves (worn)
 r - a +2 ring mail of magic resistance (worn)
 C - a +0 shield (worn)
 D - a +1 pair of boots (worn)
 N - a +1 cloak of magic resistance (worn)
 W - the +1 pair of boots of Hatzuy {rF+++ rC- rN+ Str-4}
   (Okawaru gifted it to you on level 1 of the Lair of Beasts)

   It affects your strength (-4).
   It renders you almost immune to fire.
   It makes you vulnerable to cold.
   It protects you from negative energy.
Jewellery
 n - a +5 ring of protection
 o - an uncursed ring of protection from cold
 x - an amulet of harm (around neck)
 y - a +4 ring of dexterity
 Q - an uncursed ring of flight
 R - the cursed ring "Vuecif" (left hand) {+Inv rF- Int-3 Slay+5}
   (You found it on level 9 of the Dungeon)

   [ring of intelligence]

   It affects your intelligence (-3).
   It affects your accuracy and damage with ranged weapons and melee attacks
   (+5).
   It makes you vulnerable to fire.
   It lets you turn invisible.
   It has a curse placed upon it.
 V - an uncursed ring of ice
 Y - an uncursed ring of protection from magic
Wands
 e - a wand of lightning (8/15)
 t - a wand of flame (34/48)
 z - a wand of acid (5/15)
 A - a wand of polymorph (9/24)
 B - a wand of slowing (15/48)
 E - a wand of random effects (21/48)
 I - a wand of flame (21/48)
 K - a wand of paralysis (21/24)
 P - a wand of flame (29/48)
 U - a wand of iceblast (1/15)
Scrolls
 m - a scroll of summoning {unknown}
 p - 7 scrolls of remove curse
 v - a scroll of enchant armour
 F - a scroll of recharging
 L - 3 scrolls of fear
 S - 3 scrolls of identify
 T - 3 scrolls of amnesia {unknown}
Potions
 c - a potion of magic {unknown}
 d - 2 potions of might
 g - a potion of mutation
 h - 3 potions of lignification
 i - 4 potions of flight
 q - 11 potions of curing
 s - a potion of cancellation
 u - a potion of agility
 w - a potion of invisibility
 G - 3 potions of resistance
 H - a potion of brilliance
 J - a potion of ambrosia
 M - a potion of heal wounds
Comestibles
 f - 8 bread rations
 k - 20 fruits
 l - 11 meat rations
 O - 2 beef jerkies
 X - 2 chunks of flesh


   Skills:
 + Level 12.5(11.8) Fighting
   Level 2.0(1.5) Long Blades
 * Level 14.8(14.1) Axes
 - Level 3.2(2.7) Armour
 + Level 13.2(12.5) Shields
 - Level 8.9(8.2) Invocations


You had 13 spell levels left.
You didn't know any spells.

Dungeon Overview and Level Annotations

Branches:
Dungeon (11/15)            Temple (1/1) D:6            Lair (4/6) D:9
  Swamp (0/4) Lair:2       Spider (0/4) Lair:3          Orc (0/2) D:9

Altars:
Ashenzari
Cheibriados
Dithmenos
Elyvilon
Fedhas
Gozag
Hepliaklqana
Kikubaaqudgha
Makhleb
Nemelex Xobeh
Okawaru
Qazlal
Ru
Sif Muna
Trog
Uskayaw
Vehumet
Xom
Yredelemnul
Zin
The Shining One

Shops:
D:5 (   D:7 =

Portals:
Volcano: Lair:4


Innate Abilities, Weirdness & Mutations

You are under a permanent stasis effect.
You can dig through walls and to a lower floor.
Your four strong arms can wield two-handed weapons with a shield.
You have a pair of large antennae on your head. (SInv)


Message History

You hit the lindwurm.
The lindwurm is severely wounded.
You block the lindwurm's attack. The lindwurm barely misses you.
The lindwurm claws you but does no damage.
Unknown command.
You hit the lindwurm.
The lindwurm is almost dead.
You block the lindwurm's attack. x2
The lindwurm claws you but does no damage.
Unknown command.
You barely miss the lindwurm.
The lindwurm is almost dead.
The lindwurm misses you. The lindwurm completely misses you.
You block the lindwurm's attack.
Unknown command.
You completely miss the lindwurm.
The lindwurm is almost dead.
The lindwurm breathes flames at you. The blast of flame hits you!
The fire burns you terribly!
You die...

..# ######.##.#.#.÷....##.##..###
†.#### #####.#.##......#....P#.
.....## ### ##.#................
.#..#.###.####P..................
..#....#.#......###############.#
..P............############ ###
.P.............###.§§§..#.######.
.#.............##k§§≈≈§≈........§
.............#.#@≈§≈.§.≈≈≈..≈≈§§§
.......#P...#####∩..§....≈≈≈≈.§.§
....####P....# ######.#.......#.
...## ##..### ############ ..##
#...# ..# #P..# ### #...# #.#
#...# ..### ##..##


You could see a lindwurm.

Vanquished Creatures
  Kirke (Lair:4)
  Nessos (Lair:4)
  Josephine (Lair:4)
  Fannar (Lair:1)
  5 hydras
  6 death yaks (Lair:3)
  3 hill giants
  Pikel (D:7)
  A wolf spider (Lair:3)
  3 manticores
  A black mamba (Lair:3)
  A centaur zombie (D:10)
  6 spiny frogs
  A gargoyle (D:10)
  4 komodo dragons
  4 trolls
  2 polar bears (Lair:3)
  Prince Ribbit (Lair:1)
  3 blink frogs (Lair:1)
  8 hippogriffs
  24 yaks
  A vampire (D:11)
  A spriggan (D:8)
  4 wraiths
  2 hogs (Lair:4)
  4 humans (Lair:4)
  Eustachio (D:4)
  A basilisk (Lair:2)
  5 water moccasins
  3 swamp worms (Lair:2)
  4 orc warriors
  2 ice beasts
  A porcupine (Lair:3)
  A black bear (Lair:3)
  2 ogres
  A phantom (D:4)
  2 sky beasts
  3 slaves (D:7)
  2 wasps
  5 centaurs
  An eye of draining (D:10)
  8 wolves (Lair:3)
  4 crocodiles
  10 bullfrogs
  Blork the orc (D:3)
  A wyvern zombie (D:10)
  3 scorpions
  13 killer bees
  10 wights
  6 howler monkeys
  An electric eel (Lair:2)
  2 crimson imps
  A bullfrog zombie (D:8)
  2 hounds
  A gnoll shaman (D:7)
  3 jellies
  Crazy Yiuf (D:7)
  4 orc priests
  2 bullfrog skeletons
  7 orc wizards
  2 centaur skeletons
  6 iguanas
  6 worker ants
  Ijyb (D:2)
  2 worker ant zombies
  10 gnolls
  19 river rats
  12 adders
  A howler monkey skeleton (D:7)
  2 shadow imps
  An ooze (D:3)
  An adder skeleton (D:4)
  An adder zombie (D:7)
  A worm (D:3)
  3 dart slugs
  12 leopard geckos
  39 orcs
  12 bats
  5 giant cockroaches
  4 goblins
  6 hobgoblins
  6 jackals
  10 kobolds
  5 quokkas
  A ball python (D:2)
  10 frilled lizards
  16 rats
  4 fungi (D:9)
  A plant (Lair:3)
403 creatures vanquished.

Vanquished Creatures (others)
  A centaur skeleton (D:11)
  A leopard gecko (D:7)
  An orc (D:7)
  A hobgoblin (D:2)
  2 fungi
  A plant (Lair:3)
7 creatures vanquished.

Grand Total: 410 creatures vanquished

Notes
Turn   | Place    | Note
-------+----------+-------------------------------------------
     0 | D:1      | kae the Formicid Fighter began the quest for the Orb.
     0 | D:1      | Reached XP level 1. HP: 18/18 MP: 1/1
   142 | D:1      | Reached XP level 2. HP: 24/24 MP: 2/2
   147 | D:1      | Reached skill level 1 in Axes
   428 | D:1      | Reached XP level 3. HP: 28/29 MP: 3/3
   978 | D:2      | Noticed Ijyb
   996 | D:2      | Killed Ijyb
   996 | D:2      | Reached XP level 4. HP: 32/37 MP: 4/4
  1004 | D:2      | Reached skill level 2 in Axes
  1281 | D:2      | Found an opulent altar of Gozag.
  1766 | D:3      | Reached XP level 5. HP: 27/42 MP: 5/5
  1791 | D:3      | Reached skill level 3 in Axes
  1796 | D:3      | Reached XP level 6. HP: 15/49 MP: 6/6
  2266 | D:3      | Reached skill level 5 in Shields
  2468 | D:3      | Found a shattered altar of Ashenzari.
  2475 | D:3      | Found a sacrificial altar of Ru.
  2480 | D:3      | Found a hazy altar of Hepliaklqana.
  2487 | D:3      | Found a hide-covered altar of Uskayaw.
  2492 | D:3      | Found a snail-covered altar of Cheibriados.
  2500 | D:3      | Found a shadowy altar of Dithmenos.
  2505 | D:3      | Found a burning altar of Makhleb.
  2676 | D:4      | Found a white marble altar of Elyvilon.
  2676 | D:4      | Noticed Blork the orc
  2683 | D:3      | Killed Blork the orc
  2683 | D:3      | Reached skill level 4 in Axes
  2785 | D:4      | Noticed Eustachio
  2792 | D:4      | Reached XP level 7. HP: 42/55 MP: 7/7
  3000 | D:4      | Killed Eustachio
  3000 | D:4      | Reached skill level 5 in Fighting
  3000 | D:4      | Reached skill level 5 in Axes
  3412 | D:4      | Found a sparkling altar of Nemelex Xobeh.
  3415 | D:4      | Found a glowing silver altar of Zin.
  3538 | D:5      | Entered Level 5 of the Dungeon
  3728 | D:5      | Reached XP level 8. HP: 61/63 MP: 8/8
  3806 | D:5      | Reached skill level 6 in Axes
  3832 | D:5      | Found Ryxipoc's Weapon Emporium.
  4068 | D:6      | Found a burning altar of Makhleb.
  4459 | D:6      | Found a staircase to the Ecumenical Temple.
  4536 | Temple   | Entered the Ecumenical Temple
  4598 | Temple   | Became a worshipper of Warmaster Okawaru
  4776 | D:7      | Reached skill level 7 in Axes
  5005 | D:7      | Reached XP level 9. HP: 64/71 MP: 9/9
  5032 | D:7      | Noticed Pikel
  5044 | D:7      | Reached skill level 8 in Axes
  5057 | D:7      | Killed Pikel
  5057 | D:7      | Reached * piety under Okawaru
  5129 | D:7      | Found Uniblaem's Jewellery Shoppe.
  5153 | D:7      | Noticed a hill giant
  5189 | D:7      | Killed a hill giant
  5189 | D:7      | Reached ** piety under Okawaru
  5189 | D:7      | Reached skill level 9 in Axes
  5189 | D:7      | Reached XP level 10. HP: 52/80 MP: 10/10
  5272 | D:7      | Found a runed door.
  5782 | D:7      | Noticed Crazy Yiuf
  5788 | D:7      | Killed Crazy Yiuf
  5922 | D:8      | Reached skill level 10 in Axes
  6139 | D:8      | Reached *** piety under Okawaru
  6773 | D:9      | Reached skill level 1 in Invocations
  7061 | D:9      | Found a staircase to the Orcish Mines.
  7215 | D:9      | Got a sparkling platinum ring
  7385 | D:9      | Found a staircase to the Lair.
  7417 | D:10     | Entered Level 10 of the Dungeon
  7419 | D:10     | Noticed a gargoyle
  7459 | D:10     | Reached **** piety under Okawaru
  7459 | D:10     | Reached XP level 11. HP: 50/89 MP: 12/12
  7472 | D:10     | Reached skill level 11 in Axes
  7481 | D:10     | Reached skill level 10 in Shields
  7852 | D:10     | Got a crystal battleaxe
  7853 | D:10     | Identified the cursed +1 battleaxe of Sharkskin {chop, *Noise rPois Str+4} (You found it on level 10 of the Dungeon)
  7936 | D:10     | Noticed a hill giant
  7946 | D:10     | Killed a hill giant
  8034 | D:10     | Reached ***** piety under Okawaru
  8356 | D:11     | Noticed a hill giant
  8356 | D:11     | Noticed a manticore
  8390 | D:10     | Reached skill level 10 in Fighting
  8390 | D:10     | Reached skill level 12 in Axes
  8412 | D:11     | Noticed a five-headed hydra
  8424 | D:10     | Reached skill level 5 in Invocations
  8426 | D:10     | Killed a seven-headed hydra
  8426 | D:10     | Received a gift from Okawaru
  8706 | D:11     | Reached XP level 12. HP: 78/97 MP: 14/16
  9415 | D:11     | Noticed a six-headed hydra
  9422 | D:11     | Killed a ten-headed hydra
  9777 | Lair:1   | Entered Level 1 of the Lair of Beasts
  9811 | Lair:1   | Received a gift from Okawaru
  9812 | Lair:1   | Got a pair of crude boots {god gift}
  9837 | Lair:1   | Noticed Prince Ribbit
  9846 | Lair:1   | Noticed a four-headed hydra
  9851 | Lair:1   | You fall through a shaft!
 10017 | Lair:2   | Identified the +1 pair of boots of Hatzuy {rF+++ rC- rN+ Str-4} (Okawaru gifted it to you on level 1 of the Lair of Beasts)
 10200 | Lair:2   | Reached skill level 13 in Axes
 10393 | Lair:2   | Noticed a six-headed hydra
 10398 | Lair:2   | Killed a seven-headed hydra
 10625 | Lair:2   | Found a staircase to the Swamp.
 10970 | Lair:1   | Noticed Fannar
 10985 | Lair:1   | Killed Fannar
 10985 | Lair:1   | Reached XP level 13. HP: 87/106 MP: 18/18
 11139 | Lair:1   | Killed a one-headed hydra
 11225 | Lair:1   | Killed Prince Ribbit
 11621 | Lair:1   | Got a brightly glowing ring mail
 11632 | Lair:1   | Identified the cursed +1 ring mail of Foitisk {+Blink Dex-3 Stlth+} (You found it on level 1 of the Lair of Beasts)
 11947 | Lair:3   | Noticed an eight-headed hydra
 11954 | Lair:3   | Killed a seven-headed hydra
 12240 | Lair:3   | Found a hole to the Spider Nest.
 12310 | Lair:3   | Reached skill level 14 in Axes
 12347 | Lair:3   | Reached ****** piety under Okawaru
 12522 | Lair:3   | Identified the cursed ring "Vuecif" {+Inv rF- Int-3 Slay+5} (You found it on level 9 of the Dungeon)
 12901 | Lair:3   | Received a gift from Okawaru
 13358 | Lair:4   | Noticed Nessos
 13368 | Lair:4   | Killed Nessos
 13424 | Lair:4   | Noticed Josephine
 13425 | Lair:4   | Found a labyrinth entrance.
 13437 | Lair:4   | Killed Josephine
 13442 | Lair:4   | Reached XP level 14. HP: 43/116 MP: 20/20
 13797 | Lair:4   | Noticed Kirke
 13811 | Lair:4   | Killed Kirke
 13959 | Lair:4   | Found a dark tunnel.
 13975 | Lair:4   | Killed from afar by a lindwurm

Vault maps used:
D:1:      co_arrival_square_in_a_square_in_a_square
D:2:      grunt_gozag_statues, first_bread, lemuel_old_faithful, uniq_iyjb
D:3:      grunt_temple_overflow_octagram, minmay_bisected
D:4:      lemuel_crystal_altar, nicolae_overflow_hidden_temple,
          minmay_misc_feat_five, kennysheep_generic_room_2, uniq_blork_the_orc,
          uniq_eustachio
D:5:      serial_shops, kennysheep_mini_moat
D:6:      basic_altar
D:7:      serial_shops, shop, uniq_crazy_yiuf_cottage, uniq_pikel
D:8:      the_bakery
D:9:      grunt_lair_entry_orc_guard_hut, orc_0_dummy
D:10:     patterned_corridor
Temple:   zaba_magenta_temple
Lair:1:   uniq_fannar, uniq_prince_ribbit2
Lair:2:   nicolae_swamp_entry_splash_gauntlet, columned_hall_lemuel
Lair:3:   gammafunk_lair_bear_cave, spider_nest_entry_rubble,
          grunt_forest_large_clearings, infiniplex_staircase_pool
Lair:4:   nicolae_volcano_entry_vermiform, lab_entry_generic, uniq_nessos,
          uniq_kirke, uniq_josephine

Skill      XL: |  1  2  3  4  5  6  7  8  9 10 11 12 13 |
---------------+----------------------------------------+-----
Axes           | 1 2 3 4 5 7 9 10 12 13 14 | 14.8
Shields        | 4 5 6 7 8 9 10 11 13 | 13.2
Fighting       | 4 5 6 7 9 10 11 12 | 12.5
Invocations    | 2 5 7 8 |  8.9
Long Blades    | |  2.0
Armour         | |  3.2

Action                   |  1- 3 |  4- 6 |  7- 9 | 10-12 | 13-15 || total
-------------------------+-------+-------+-------+-------+-------++-------
Melee: Hand axe          |   104 |   142 |   308 |   299 |       ||   853
       Battleaxe         |       |       |       |   227 |   168 ||   395
       Broad axe         |       |       |       |       |     7 ||     7
Invok: Heroism           |       |       |       |     2 |     1 ||     3
       Finesse           |       |       |       |       |     3 ||     3
 Abil: Dig               |       |     1 |     4 |     4 |     3 ||    12
       Shaft Self        |       |       |       |     1 |       ||     1
  Use: Scroll            |       |       |    10 |     8 |     8 ||    26
       Potion            |       |       |       |     7 |     1 ||     8
 Stab: Distracted        |       |       |     2 |       |       ||     2
  Eat: Chunk             |       |     7 |     6 |     9 |     9 ||    31
       Fruit             |       |       |     1 |     1 |       ||     2
       Meat ration       |       |       |       |     2 |       ||     2
       Royal jelly       |       |       |       |       |     1 ||     1
Armor: Scale mail        |    41 |       |       |       |       ||    41
       Ring mail         |     6 |    49 |   114 |   196 |    57 ||   422
Dodge: Dodged            |    32 |    56 |    92 |   170 |    69 ||   419
Block: Shield            |    52 |    69 |   148 |   296 |   138 ||   703
